 Dungeon Sprint DCSS version 0.28.0-45-g0d030f2227 (webtiles) character file.

Game seed: 13689251125027320699

2300000 protoss039 the Intangible (level 18, -48/167 HPs)
             Began as a Djinni Warper on May 15, 2022.
             Was a High Priest of Makhleb.
             Annihilated by a large bag of meat
             ... wielding a +9 giant spiked club
              (112 damage)
             ... in the Dungeon (Sprint VIII: "Arena of Blood").
             The game lasted 00:02:49 (23 turns).

protoss039 the Intangible (Djinni Warper)             Turns: 23, Time: 00:02:49

Health: -48/167    AC:  6    Str: 10    XL:     18   Next: 21%
Gold:   0          EV: 26    Int: 21    God:    Makhleb [*****.] SH:  0 Dex: 15

rFire   + + .      SeeInvis .   h - +∞ Axe of Woe
rCold   x . .      Faith    .   (shield currently unavailable)
rNeg    . . .      Spirit   .   a - +0 leather armour
rPois   ∞          Reflect  .   (no helmet)
rElec   .          Harm     .   (no cloak)
rCorr   .          Rampage  .   (no gloves)
Will    +....      NoTele   +   (boots unavailable)
Stlth   +.........              (no amulet)
HPRegen 0.37/turn               (no ring)
MPRegen 0.00/turn               (no ring)

@: flying
A: sickness immunity, fire resistance 2, cold vulnerability 1, float, innate
caster, HP casting, extra vitality 1
a: Renounce Religion, Minor Destruction, Lesser Servant of Makhleb, Major
Destruction, Greater Servant of Makhleb


You were in the Dungeon.
You worshipped Makhleb.
Makhleb was extremely pleased with you.
You visited 1 branch

Inventory:

Hand Weapons
 h - the +∞ Axe of Woe (weapon)
   (You found it in the Dungeon)
Missiles
 c - 5 boomerangs of dispersal (quivered)
Armour
 a - a +0 leather armour (worn)
Scrolls
 b - 2 scrolls of blinking
Potions
 d - a potion of curing
 e - a potion of heal wounds
 f - a potion of haste
 g - a potion of berserk rage


   Skills:
 O Level 27 Fighting
 - Level 3.6 Axes
 - Level 3.1 Throwing
 + Level 22.4 Armour
 O Level 27 Dodging
 - Level 9.1 Unarmed Combat
 - Level 15.8 Spellcasting
 O Level 27 Invocations


You had one spell level left.
You knew the following spells:

 Your Spells              Type           Power      Damage    Failure   Level
a - Blink                 Tloc           100%       N/A       0%          2
b - Lesser Beckoning      Tloc           70%        N/A       1%          3
c - Gell's Gravitas       Tloc           70%        N/A       1%          3
d - Teleport Other        Tloc           70%        N/A       1%          3
e - Manifold Assault      Tloc           70%        N/A       1%          5
f - Summon Small Mammal   Summ           100%       N/A       0%          1
g - Ensorcelled Hibernat  Hex/Ice        100%       N/A       0%          2
h - Inner Flame           Hex/Fire       70%        N/A       1%          3
i - Hailstorm             Conj/Ice       70%        3d15      1%          4
j - Iskenderun's Mystic   Conj/Tloc      70%        2d14      1%          4
k - Freezing Cloud        Conj/Ice/Air   35%        6-21      1%          5
l - Conjure Ball Lightni  Conj/Air       35%        3x3d11    1%          6
m - Eringya's Noxious Bo  Tmut/Pois      35%        N/A       1%          6
Your spell library was empty.

Dungeon Overview and Level Annotations

Branches:
Dungeon (1/1)

Altars:
Makhleb


Innate Abilities, Weirdness & Mutations

You are immune to sickness and miasma.
You are immune to poison.
Your flesh is very heat resistant. (rF++)
You are vulnerable to cold. (rC-)
You float through the air rather than walking.
You learn spells naturally, not from books.
Your magical power is your life essence.
You have superior vitality. (+4 MHP)


Message History

A bag of meat comes into view. It is wielding a +9 war axe.
You hear a shout!
The meat berserker rages.
You hear a shout!
The bag of meat moves out of view. x2
You hear a shout!
The bag of meat shouts!
You hear a shout! x2
You have mastered Fighting!
Your Armour skill gained 3 levels and is now at level 22!
You have mastered Invocations!
You have reached level 18!
A meat berserker comes into view. It is wielding a +9 battleaxe.
Unknown command.
Okay, then.
Cast which spell? (? or * to list) Space momentarily warps into an impossible shape!
You slash the meat berserker!
You cleave the meat berserker in twain.
You kill the meat berserker!
Makhleb accepts your kill.
You slash the meat berserker!
You fatally mangle the meat berserker.
You kill the meat berserker!
Makhleb accepts your kill.
You feel better.
You hit the bag of meat.
You cleave the bag of meat in twain.
You kill the bag of meat!
Makhleb accepts your kill.
The destroyer appears out of thin air!
A destroyer comes into view. It is wielding a +9 vorpal great sword.
You hear a shout! x4
A bag of meat comes into view. It is wielding a +9 war axe.
You hear a shout! x3
The bag of meat closely misses you.
You hear a shout! x3
A bag of meat comes into view. It is wielding a +9 war axe.
You hear a shout!
A bag of meat comes into view. It is wielding a +9 war axe.
You hear a shout!
The large bag of meat hits you with a +9 giant spiked club!!!!
Ouch! That really hurt!
The large bag of meat hits you with a +9 giant spiked club!!!!
Ouch! That really hurt!
You die...

.........
.........
..o......
#.......# .
#.......# )..
.###.. ....###o.o.
......###O)o.o....
......_.O@ooo.O..
.#....)#....)..
#_.<○_#...V)..
#...§)#......#
......_§§§....o..
......###O........
.###.. ...###o.o.
#.. ...# ..oo #.
...#


You could see a destroyer, 2 large bags of meat, 2 meat berserkers and 13 bags
of meat.

Vanquished Creatures
  A vampire knight (D)
  4 ogres (D)
  A two-headed ogre (D)
  15 orcs (D)
21 creatures vanquished.

Notes
Turn   | Place    | Note
-------+----------+-------------------------------------------
     0 | D        | Found the +∞ Axe of Woe
     0 | D        | protoss039 the Djinni Warper began the quest for the Orb.
     0 | D        | Reached XP level 1. HP: 18/18 MP: 0/0
     2 | D        | Noticed a bag of meat
     3 | D        | Noticed a bag of meat
     3 | D        | Noticed a bag of meat
     4 | D        | Killed a bag of meat
     4 | D        | Noticed a bag of meat
     4 | D        | Noticed a bag of meat
     5 | D        | Reached skill level 10 in Dodging
     5 | D        | Reached skill level 15 in Spellcasting
     5 | D        | Reached XP level 2. HP: 34/34 MP: 0/0
     5 | D        | Reached XP level 3. HP: 40/40 MP: 0/0
     5 | D        | Learned a level 1 spell: Summon Small Mammal
     5 | D        | Reached XP level 4. HP: 45/45 MP: 0/0
     5 | D        | Reached XP level 5. HP: 50/50 MP: 0/0
     5 | D        | Learned a level 2 spell: Ensorcelled Hibernation
     5 | D        | Reached XP level 6. HP: 57/57 MP: 0/0
     5 | D        | Reached XP level 7. HP: 61/61 MP: 0/0
     5 | D        | Learned a level 3 spell: Inner Flame
     5 | D        | Reached XP level 8. HP: 67/67 MP: 0/0
     5 | D        | Reached XP level 9. HP: 73/73 MP: 0/0
     5 | D        | Learned a level 4 spell: Hailstorm
     5 | D        | Reached XP level 10. HP: 78/78 MP: 0/0
     5 | D        | Reached XP level 11. HP: 84/84 MP: 0/0
     5 | D        | Learned a level 4 spell: Iskenderun's Mystic Blast
     5 | D        | Became a worshipper of Makhleb the Destroyer
     5 | D        | Noticed a bag of meat
     5 | D        | Noticed a bag of meat
     7 | D        | Noticed a meat berserker
     8 | D        | Killed a bag of meat
     8 | D        | Killed a bag of meat
     8 | D        | Reached * piety under Makhleb
     8 | D        | Killed a bag of meat
     8 | D        | Noticed a bag of meat
     9 | D        | Reached skill level 15 in Fighting
     9 | D        | Reached XP level 12. HP: 103/103 MP: 0/0
     9 | D        | Reached XP level 13. HP: 109/109 MP: 0/0
     9 | D        | Learned a level 5 spell: Freezing Cloud
     9 | D        | Killed a bag of meat
     9 | D        | Killed a bag of meat
     9 | D        | Reached ** piety under Makhleb
     9 | D        | Noticed a bag of meat
    10 | D        | Reached skill level 15 in Invocations
    10 | D        | Reached XP level 14. HP: 120/120 MP: 0/0
    10 | D        | Killed a bag of meat
    10 | D        | Noticed a meat berserker
    10 | D        | Noticed a bag of meat
    11 | D        | Killed a meat berserker
    11 | D        | Noticed a bag of meat
    11 | D        | Noticed a bag of meat
    12 | D        | Reached XP level 15. HP: 117/130 MP: 0/0
    12 | D        | Learned a level 6 spell: Conjure Ball Lightning
    12 | D        | Reached *** piety under Makhleb
    12 | D        | Noticed a large bag of meat
    13 | D        | Killed a meat berserker
    14 | D        | Reached skill level 15 in Armour
    14 | D        | Reached XP level 16. HP: 144/144 MP: 0/0
    15 | D        | Reached **** piety under Makhleb
    17 | D        | Killed a large bag of meat
    18 | D        | Reached XP level 17. HP: 149/155 MP: 0/0
    18 | D        | Learned a level 6 spell: Eringya's Noxious Bog
    18 | D        | Reached ***** piety under Makhleb
    19 | D        | Reached skill level 27 in Dodging
    20 | D        | Noticed a destroyer
    21 | D        | Noticed a large bag of meat
    21 | D        | Noticed a large bag of meat
    21 | D        | Noticed a meat berserker
    21 | D        | Noticed a meat berserker
    22 | D        | Noticed a meat berserker
    22 | D        | Killed a destroyer
    22 | D        | Noticed a meat berserker
    23 | D        | Reached skill level 27 in Fighting
    23 | D        | Reached skill level 27 in Invocations
    23 | D        | Reached XP level 18. HP: 167/167 MP: 0/0
    23 | D        | Noticed a meat berserker
    23 | D        | Killed a meat berserker
    23 | D        | Killed a meat berserker
    23 | D        | Annihilated by a large bag of meat

Illustrated notes

Levels and vault maps discovered:
D:        meatsprint

Skill      XL: |  1  2  3  4  5  6  7  8  9 10 11 12 13 14 15 16 17 |
---------------+----------------------------------------------------+-----
Fighting       | 9 15 17 20 22 24 27 | 27.0
Axes           | 3 |  3.6
Throwing       | 3 |  3.1
Armour         | 2 9 11 13 15 17 22 | 22.4
Dodging        | 10 16 19 21 24 26 27 | 27.0
Unarmed Combat | 9 |  9.1
Spellcasting   | 15 | 15.8
Invocations    | 12 15 18 21 23 27 | 27.0

Action                   |  1- 3 |  4- 6 |  7- 9 | 10-12 | 13-15 | 16-18 || total
-------------------------+-------+-------+-------+-------+-------+-------++-------
Melee: Executioner's axe |     1 |       |       |     1 |     5 |     9 ||    16
 Cast: Manifold Assault  |       |       |       |       |       |     1 ||     1
Dodge: Dodged            |       |       |       |     1 |     1 |     2 ||     4
